 Dungeon Sprint DCSS version 0.27.1-2-g3b301248ec (webtiles) character file.

Game seed: 12422984969044887523

15589 boopmooplesden the Severer (level 12, -1/124 HPs)
             Began as a Minotaur Fighter on Sept 22, 2021.
             Was a High Priest of Okawaru.
             Engulfed by a cloud of freezing vapour (28 damage)
             ... in the Dungeon (Sprint II: "The Violet Keep of Menkaure").
             The game lasted 00:10:49 (1932 turns).

boopmooplesden the Severer (Minotaur Fighter)       Turns: 1932, Time: 00:10:50

Health: -1/124     AC: 18    Str: 24    XL:     12   Next: 2%
Magic:  13/14      EV: 18    Int:  6    God:    Okawaru [*****.]
Gold:   16         SH: 17    Dex: 14    Spells: 11/11 levels left

rFire    . . .     SeeInvis .   a - +2 war axe (freeze)
rCold    . . .     Faith    .   c - +0 kite shield
rNeg     . . .     Spirit   .   b - +2 ring mail {rPois}
rPois    +         Reflect  .   (helmet restricted)
rElec    .         Harm     +   n - +2 cloak of Imperfection {Slay+3}
rCorr    .         Rampage  .   o - +1 pair of gloves {Dex+3}
Will     .....     Rnd*Rage +   (no boots) Stlth +++++.....NoTele +
                                m - amulet of Agnosticism {Harm Regen+ Stlth+}
HPRegen  1.30/turn              (no ring)
MPRegen  0.14/turn              (no ring)

@: heroic, flying
A: horns 2, retaliatory headbutt, berserk 1, screaming 1
a: Renounce Religion, Heroism, Finesse


You were in the Dungeon.
You worshipped Okawaru.
Okawaru was extremely pleased with you.
You visited 1 branch You collected 1674 gold pieces.
You spent 1658 gold pieces at shops.

Inventory:

Hand Weapons
 a - a +2 war axe of freezing (weapon)
 l - a +3 hand axe of electrocution
Armour
 b - a +2 ring mail of poison resistance (worn)
 c - a +0 kite shield (worn)
 n - the +2 cloak of Imperfection (worn) {Slay+3}
   (You bought it in a shop in the Dungeon)

   Slay:      It affects your accuracy & damage with ranged weapons and melee
   (+3).
 o - a +1 pair of gloves of dexterity (worn)
 A - a +0 chain mail
Jewellery
 k - the ring of Moolo {rElec Str+4 Int+6 Slay-6}
   (You bought it in a shop in the Dungeon)

   [ring of intelligence]

   Str:       It affects your strength (+4).
   Int:       It affects your intelligence (+6).
   Slay:      It affects your accuracy & damage with ranged weapons and melee
   (-6).
   rElec:     It insulates you from electricity.
 m - the amulet of Agnosticism (around neck) {Harm Regen+ Stlth+}
   (You acquired it in the Dungeon)

   [amulet of regeneration]

   Regen:     It increases your rate of health regeneration.
   Harm:      It increases damage dealt and taken.
   Stlth:     It makes you more stealthy.
Scrolls
 i - a scroll of amnesia
 j - 3 scrolls of blinking
 x - a scroll of magic mapping {unknown}
 y - a scroll of fog {unknown}
Potions
 d - a potion of might
 e - a potion of curing
 g - a potion of haste
 h - 5 potions of magic
 p - 2 potions of invisibility
 q - 6 potions of resistance
 r - a potion of berserk rage
 s - 4 potions of mutation {unknown}
 v - 3 potions of flight
 z - a potion of degeneration {unknown}


   Skills:
 + Level 16.6(21.6) Fighting
 + Level 17.9(22.9) Axes
 + Level 14.1(19.1) Armour
 + Level 10.3(15.3) Dodging
 + Level 5.7(10.7) Stealth
 + Level 17.2(22.2) Shields
 + Level 4.2 Invocations


You had 11 spell levels left.
You didn't know any spells.
Your spell library was empty.

Dungeon Overview and Level Annotations

Branches:
Dungeon (1/1)

Altars:
Cheibriados
Dithmenos
Elyvilon
Fedhas
Gozag
Hepliaklqana
Kikubaaqudgha
Makhleb
Nemelex Xobeh
Okawaru
Qazlal
Ru
Sif Muna
Trog
Uskayaw
Vehumet
Wu Jian
Xom
Yredelemnul
Zin
The Shining One
Beogh
Jiyva
Lugonu

Shops:
D *[:(:(:!=:[[![((?*==(!?=[*[:(![

Annotations:
D exclusion: oklob plant, Nikola


Innate Abilities, Weirdness & Mutations

You have a pair of horns on your head.
You reflexively headbutt those who attack you in melee.
You tend to lose your temper in combat.
You occasionally shout uncontrollably at your foes.


Message History

Found 81 gold pieces.
You are engulfed in freezing vapours.
You are engulfed in freezing vapours.
* * * LOW HITPOINT WARNING * * *
The water moccasin hisses angrily. x2; The hell hog squeals angrily.
You slash the ice statue!
The ice statue is moderately damaged.
You are engulfed in freezing vapours.
* * * LOW HITPOINT WARNING * * *
You hit the ice statue.
The ice statue is moderately damaged.
You are engulfed in freezing vapours.
* * * LOW HITPOINT WARNING * * *
You feel much better.
You are engulfed in freezing vapours.
* * * LOW HITPOINT WARNING * * *
Nikola shouts!
The water moccasin hisses angrily.
The cane toad gives a loud, deep croak!
You hit the ice statue but do no damage.
The ice statue is moderately damaged.
You are engulfed in freezing vapours.
* * * LOW HITPOINT WARNING * * *
You hit the ice statue but do no damage.
You headbutt the ice statue!
The ice statue is severely damaged.
You are engulfed in freezing vapours.
* * * LOW HITPOINT WARNING * * *
You slash the ice statue!
The ice statue is almost destroyed.
You are engulfed in freezing vapours.
* * * LOW HITPOINT WARNING * * *
You hit the ice statue. You headbutt the ice statue.
You destroy the ice statue!
Okawaru accepts your kill.
Really fly into that cloud of freezing vapour? [Y]es or [N]o only, please.
Really fly into that cloud of freezing vapour?
Okay, then.
You feel much better.
You are engulfed in freezing vapours.
* * * LOW HITPOINT WARNING * * *
Found 81 gold pieces.
You are engulfed in freezing vapours.
You die...

##!S.######≈≈#####..####≈≈
#(.F#$.+ ##≈≈≈#.##..#≈≈≈≈
#∩PS+.h#+##'#≈##.#.##≈≈§≈
#).S#h##≈##.#≈≈##+##≈≈≈≈§
#?$S###≈≈○####○○≈≈≈≈≈≈≈≈≈
# ##○≈≈○○# #''○#+++#≈≈≈
$.@##○○°≈≈###.○°°°.○##≈§
+###○○○≈≈##.○°°○....##≈
+○○@○°○.○°○°≈°○○. +≈
#○○°☼○##...°°○°.. #≈
#○≈○°○###.○○.°..####
#≈°≈°°# ####+####≈§§
##○°°## #§≈≈§ ##○## ≈≈§§§
### #§§§§ ##§≈§ ####


You could see Nikola, 2 hell hogs, an oklob plant, a cane toad and 3 water
moccasins.

Vanquished Creatures
  A golden dragon (D)
  A storm dragon (D)
  Kirke (D)
  A yaktaur captain (D)
  A centaur warrior (D)
  A skeletal warrior (D)
  An obsidian statue (D)
  2 slime creatures (D)
  A merfolk siren (D)
  An elephant (D)
  An ice statue (D)
  A kobold demonologist (D)
  A yaktaur (D)
  3 polar bears (D)
  A hornet (D)
  12 flying skulls (D)
  3 wyverns (D)
  3 yaks (D)
  4 neqoxecs (D)
  A vampire mosquito (D)
  4 water moccasins (D)
  3 black bears (D)
  A necrophage (D)
  4 scorpions (D)
  An iron imp (D)
  A spectral adder (D)
  3 worms (D)
  A spectral bat (D)
59 creatures vanquished.

Vanquished Creatures (others)
  Menkaure (D)
  12 tentacles (D)
13 creatures vanquished.

Grand Total: 72 creatures vanquished

Notes
Turn   | Place    | Note
-------+----------+-------------------------------------------
     0 | D        | boopmooplesden the Minotaur Fighter began the quest for the
                  | Orb.
     0 | D        | Reached XP level 1. HP: 19/19 MP: 0/0
    21 | D        | Noticed a flying skull
    21 | D        | Noticed a flying skull
    21 | D        | Noticed a flying skull
    21 | D        | Noticed a flying skull
    21 | D        | Noticed a flying skull
    21 | D        | Noticed a flying skull
    21 | D        | Noticed a flying skull
    22 | D        | Noticed a flying skull
    22 | D        | Noticed a flying skull
    22 | D        | Noticed a flying skull
    22 | D        | Noticed a flying skull
    23 | D        | Noticed a flying skull
    24 | D        | Reached XP level 2. HP: 17/28 MP: 1/1
    35 | D        | Killed Menkaure
   143 | D        | Noticed a scorpion
   143 | D        | Noticed a scorpion
   143 | D        | Noticed a scorpion
   143 | D        | Noticed a scorpion
   146 | D        | Killed a scorpion
   147 | D        | Reached XP level 3. HP: 37/37 MP: 2/2
   147 | D        | Reached XP level 4. HP: 44/44 MP: 3/3
   150 | D        | Killed a scorpion
   151 | D        | Reached skill level 5 in Axes
   153 | D        | Killed a scorpion
   154 | D        | Reached skill level 1 in Dodging
   154 | D        | Reached XP level 5. HP: 36/53 MP: 4/4
   252 | D        | Noticed a merfolk siren
   263 | D        | Killed a merfolk siren
   264 | D        | Reached skill level 10 in Armour
   264 | D        | Reached XP level 6. HP: 41/66 MP: 5/5
   264 | D        | Reached XP level 7. HP: 44/71 MP: 6/6
   394 | D        | Noticed a neqoxec
   394 | D        | Noticed a neqoxec
   396 | D        | Gained mutation: You tend to lose your temper in combat. [a
                  | neqoxec]
   402 | D        | Killed a neqoxec
   403 | D        | Reached skill level 10 in Fighting
   403 | D        | Reached skill level 1 in Stealth
   403 | D        | Reached skill level 10 in Shields
   404 | D        | Noticed a neqoxec
   410 | D        | Killed a neqoxec
   415 | D        | Gained mutation: You occasionally shout uncontrollably at
                  | your foes. [a neqoxec]
   416 | D        | Killed a neqoxec
   417 | D        | Reached skill level 10 in Axes
   418 | D        | Noticed a neqoxec
   419 | D        | Noticed an obsidian statue
   425 | D        | Killed a neqoxec
   426 | D        | Reached XP level 8. HP: 43/82 MP: 7/7
   450 | D        | Found Gezituomn's Magic Scroll Emporium.
   450 | D        | Found Xaprany's Armour Emporium.
   450 | D        | Found Gehuun's Jewellery Shoppe.
   450 | D        | Found Seschoci's Antique Armour Emporium.
   450 | D        | Found Pidedue's Distillery.
   450 | D        | Found Taiklumm's Jewellery Shoppe.
   450 | D        | Found Araculed's General Store.
   451 | D        | Found Worhurau's Weapon Shoppe.
   452 | D        | Found Tish's Distillery.
   452 | D        | Found Tocoemn's Antique Armour Emporium.
   454 | D        | Found Couxa's Jewellery Emporium.
   454 | D        | Found Icisaan's Distillery.
   454 | D        | Noticed an oklob plant
   461 | D        | Noticed a cane toad
   462 | D        | Found Kivoko's Antique Weapon Shoppe.
   462 | D        | Found Widix's Book Shoppe.
   462 | D        | Found Ywnest's Book Emporium.
   463 | D        | Noticed a cane toad
   474 | D        | Bought a +0 pair of gloves for 49 gold pieces
   483 | D        | Noticed a hell hog
   484 | D        | Bought a +3 hand axe of electrocution for 294 gold pieces
   485 | D        | Bought a spiked buckler for 199 gold pieces
   485 | D        | Identified the -5 buckler "Tutaf" {*Corrode rPois rC+
                  | Dex+2} (You bought it in a shop in the Dungeon)
   485 | D        | Bought a jewelled cloak for 199 gold pieces
   485 | D        | Identified the +2 cloak of Imperfection {Slay+3} (You
                  | bought it in a shop in the Dungeon)
   495 | D        | Noticed a hell hog
   637 | D        | Found a snail-covered altar of Cheibriados.
   638 | D        | Found a shadowy altar of Dithmenos.
   638 | D        | Found a viscous altar of Jiyva.
   639 | D        | Found a white marble altar of Elyvilon.
   639 | D        | Found an ancient bone altar of Kikubaaqudgha.
   640 | D        | Found a blossoming altar of Fedhas.
   640 | D        | Found a corrupted altar of Lugonu.
   640 | D        | Found a shimmering blue altar of Sif Muna.
   641 | D        | Found an opulent altar of Gozag.
   641 | D        | Found a burning altar of Makhleb.
   641 | D        | Found a bloodstained altar of Trog.
   642 | D        | Found a sparkling altar of Nemelex Xobeh.
   642 | D        | Found a hide-covered altar of Uskayaw.
   643 | D        | Found a basalt altar of Yredelemnul.
   644 | D        | Found an iron altar of Okawaru.
   644 | D        | Found a radiant altar of Vehumet.
   644 | D        | Found a glowing silver altar of Zin.
   644 | D        | Found a hazy altar of Hepliaklqana.
   644 | D        | Found a sacrificial altar of Ru.
   644 | D        | Found a shimmering altar of Xom.
   644 | D        | Noticed a hornet
   644 | D        | Noticed a polar bear
   644 | D        | Noticed a polar bear
   645 | D        | Found a stormy altar of Qazlal.
   645 | D        | Found an ornate altar of the Wu Jian Council.
   645 | D        | Found a glowing golden altar of the Shining One.
   645 | D        | Noticed a yaktaur
   645 | D        | Noticed a polar bear
   653 | D        | Became a worshipper of Warmaster Okawaru
   665 | D        | Killed a polar bear
   673 | D        | Killed a polar bear
   677 | D        | Killed a polar bear
   677 | D        | Reached * piety under Okawaru
   678 | D        | Reached XP level 9. HP: 90/90 MP: 8/8
   690 | D        | Killed a yaktaur
   707 | D        | Noticed a kraken
  1463 | D        | Identified a scroll of acquirement
  1463 | D        | Acquired the amulet of Agnosticism {Harm Regen+ Stlth+}
  1537 | D        | Noticed a hellwing
  1539 | D        | Killed an obsidian statue
  1540 | D        | Reached skill level 5 in Dodging
  1550 | D        | Noticed a storm dragon
  1558 | D        | Killed a storm dragon
  1558 | D        | Reached ** piety under Okawaru
  1558 | D        | Reached *** piety under Okawaru
  1559 | D        | Reached skill level 1 in Invocations
  1559 | D        | Reached XP level 10. HP: 26/101 MP: 6/9
  1622 | D        | Found Dyni Ufa's Antique Armour Boutique.
  1622 | D        | Found Vojijec's Distillery.
  1622 | D        | Found Osainex's Weapon Emporium.
  1622 | D        | Found Juudih's Book Boutique.
  1622 | D        | Noticed a golden dragon
  1636 | D        | Killed a golden dragon
  1636 | D        | Reached **** piety under Okawaru
  1636 | D        | Reached ***** piety under Okawaru
  1637 | D        | Reached skill level 15 in Shields
  1657 | D        | Noticed an elephant
  1657 | D        | Noticed a centaur warrior
  1657 | D        | Noticed Kirke
  1657 | D        | Noticed a skeletal warrior
  1658 | D        | Noticed a yaktaur captain
  1665 | D        | Killed Kirke
  1666 | D        | Reached skill level 15 in Fighting
  1666 | D        | Reached XP level 11. HP: 82/112 MP: 9/11
  1669 | D        | Received a gift from Okawaru
  1684 | D        | Killed a skeletal warrior
  1689 | D        | Killed a yaktaur captain
  1690 | D        | Reached skill level 5 in Stealth
  1691 | D        | Killed a centaur warrior
  1754 | D        | Found Rosies's Assorted Antiques.
  1754 | D        | Found Biecat's Antique Weapon Shop.
  1754 | D        | Found Caypol's Armour Shop.
  1754 | D        | Found Wurome's Book Shoppe.
  1754 | D        | Found Ischolapn's Armour Boutique.
  1755 | D        | Found Noevvoz's Book Shoppe.
  1755 | D        | Found Qonuh's Antique Armour Boutique.
  1755 | D        | Found Sefiat's Magic Scroll Emporium.
  1755 | D        | Found Imemn's Jewellery Shop.
  1755 | D        | Found Wim Miu's Weapon Emporium.
  1755 | D        | Found Geduech's Assorted Antiques.
  1755 | D        | Found Widix's Antique Weapon Shoppe.
  1760 | D        | Bought a pair of glowing gloves for 157 gold pieces
  1836 | D        | Bought the ring of Moolo {rElec Str+4 Int+6 Slay-6} for 760
                  | gold pieces
  1877 | D        | Reached skill level 10 in Dodging
  1907 | D        | Reached XP level 12. HP: 85/124 MP: 12/14
  1923 | D        | Noticed Nikola
  1932 | D        | Engulfed by a cloud of freezing vapour

Illustrated notes

Levels and vault maps discovered:
D:        the_violet_keep_of_menkaure [sprint2_stairs_cluster_1,
          sprint2_shoproom, sprint2_temple, sprint2_basic_supplies,
          sprint2_obstacle_1, sprint2_obstacle_7, sprint2_obstacle_3,
          sprint2_obstacle_2, sprint2_obstacle_6, sprint2_timed_cluster_1,
          sprint2_smallroom_cluster_1, sprint2_smallroom_final_cluster_1,
          sprint2_transparent_cluster_1, sprint2_second_timed_cluster_1,
          sprint2_sniper_area_1, sprint2_heavy_combat_area_1,
          sprint2_mutation_trap_area_1, sprint2_forest_area_1,
          sprint2_light_combat_area_1, sprint2_behind_water_1,
          sprint2_near_end_vault_1]

Skill      XL: |  1  2  3  4  5  6  7  8  9 10 11 |
---------------+----------------------------------+-----
Fighting       | 4 6 7 9 11 12 13 15 16 | 16.6
Armour         | 4 6 8 10 11 12 13 14 | 14.1
Shields        | 4 6 7 9 10 11 13 15 17 | 17.2
Axes           | 3 4 5 8 10 12 14 16 17 | 17.9
Dodging        | 1 2 3 6 8 10 | 10.3
Stealth        | 1 2 3 4 5 |  5.7
Invocations    | 1 2 4 |  4.2

Action                   |  1- 3 |  4- 6 |  7- 9 | 10-12 || total
-------------------------+-------+-------+-------+-------++-------
Melee: War axe           |    14 |    19 |    76 |   114 ||   223
       Headbutt          |     2 |     3 |    16 |    26 ||    47
       Hand axe          |       |       |    12 |       ||    12
Invok: Heroism           |       |       |     2 |     6 ||     8
  Use: Potion            |       |       |     3 |     3 ||     6
       Scroll            |       |       |     8 |     1 ||     9
 Stab: Sleeping          |       |       |     1 |     1 ||     2
Armor: Scale mail        |     7 |     2 |    17 |       ||    26
       Ring mail         |       |       |     7 |    25 ||    32
Dodge: Dodged            |     4 |     3 |    26 |    32 ||    65
Block: Kite shield       |     5 |     5 |    46 |    62 ||   118
